 Dungeon Sprint DCSS version 0.30-a0-672-gc3a7216ad8 (webtiles) character file.

Game seed: 15463690379220817706

1199 BigDaddyOpFi the Cleaver (level 8, -11/123 HPs)
             Began as a Minotaur Berserker on Jan 18, 2023.
             Was an Elder of Trog.
             Mangled by a yaktaur captain (28 damage)
             ... in the Dungeon (Sprint II: "The Violet Keep of Menkaure").
             The game lasted 00:01:32 (854 turns).

BigDaddyOpFi the Cleaver (Minotaur Berserker)        Turns: 854, Time: 00:01:33

Health: -11/123    AC:  3    Str: 23    XL:     8   Next: 20%
Magic:  7/7        EV: 15    Int:  4    God:    Trog [****..]
Gold:   972        SH:  0    Dex: 11    Spells: 7/7 levels left

rFire   . . .      SeeInvis .    a - +0 hand axe
rCold   . . .      Faith    .    (no shield)
rNeg    . . .      Spirit   .    b - +0 animal skin
rPois   .          Reflect  .    (helmet restricted)
rElec   .          Harm     .    (no cloak)
rCorr   .          Rampage  .    (no gloves)
Will    .....      NoTele   +    (no boots) Stlth
                                 (no amulet)
HPRegen 0.40/turn                (no ring)
MPRegen 0.10/turn                (no ring)

@: berserking, slow
A: horns 2, retaliatory headbutt, deterioration 1, subdued magic 1
a: Renounce Religion, Berserk, Trog's Hand, Brothers in Arms


You were in the Dungeon.
You worshipped Trog.
Trog was greatly pleased with you.
You visited 1 branch You collected 972 gold pieces.

Inventory:

Hand Weapons
 a - a +0 hand axe (weapon)
Armour
 b - a +0 animal skin (worn)
Scrolls
 h - a scroll of blinking
Potions
 c - a potion of curing
 f - 2 potions of magic
 g - a potion of berserk rage


   Skills:
 + Level 11.4 Fighting
 + Level 11.5 Axes
 + Level 11.1 Armour
 + Level 10.2 Dodging


You had 7 spell levels left.
You didn't know any spells.
Your spell library was empty.

Dungeon Overview and Level Annotations

Branches:
Dungeon (1/1)

Altars:

Shops:
D *[!=

Annotations:
D Kirke


Innate Abilities, Weirdness & Mutations

You have a pair of horns on your head.
You reflexively headbutt those who attack you in melee.
Your body sometimes deteriorates upon taking damage.
Your spells are a little easier to cast, but a little less powerful.


Message History

A yaktaur captain comes into view.
A centaur warrior comes into view.
The centaur warrior shouts!
The yaktaur captain shouts!
You enter the shallow water.
Moving in this stuff is going to be slow.
Found Dahek's Distillery and Qikusm's Jewellery Emporium.
An elephant comes into view.
Found Nyil's General Store and Waich's Antique Armour Shoppe.
The elephant trumpets!
You hear an angry growl.
The elephant moves out of view.
A red film seems to cover your vision as you go berserk!
You feel yourself moving faster!
You feel mighty! Kirke closely misses you.
Okay, then.
You slash Kirke! You headbutt Kirke!
Kirke is moderately wounded.
The yaktaur captain wields a +0 arbalest.
The yaktaur captain shoots a bolt.
The bolt hits you!!!
You closely miss Kirke.
Kirke is moderately wounded.
Kirke completely misses you.
Your unstable footing causes you to fumble your attack.
The yaktaur captain shoots a bolt.
The bolt hits you!
You slash Kirke!
Kirke is moderately wounded.
Kirke hits you!
Your unstable footing causes you to fumble your attack.
The yaktaur captain shoots a bolt.
The bolt hits you!!
* * * LOW HITPOINT WARNING * * *
Found 81 gold pieces.
Kirke hits you!
* * * LOW HITPOINT WARNING * * *
The kobold demonologist begins to cast a cantrip, but forgets the words!
The yaktaur captain unwields a +0 arbalest.
The yaktaur captain barely misses you. You furiously retaliate!
You headbutt the yaktaur captain!!
Your unstable footing causes you to fumble your attack.
Kirke barely misses you. You furiously retaliate!
You headbutt Kirke! You slash the yaktaur captain!
The yaktaur captain is heavily wounded.
You slash Kirke! The yaktaur captain hits you!!
You die...

+#### ≈≈≈≈≈≈≈##
≈§≈≈§≈≈## ###
S≈≈≈≈§≈≈# #..z###
§S≈≈≈≈ #$.YcKc##
≈SS≈
######@@#+++#+++##
#####~~~.........#
....#~~~~.##'##..#
∩...#~~~~##.#.##
.∩..#~~~~#..#..#
∩.⌠.#~~####...####
.∩..#~##.###'###.#
....#~#...##.##.#
....+~+.#)'.<.'.#


You could see Kirke, a yaktaur captain, an elephant, a skeletal warrior, a
centaur warrior and a kobold demonologist.

Vanquished Creatures
  A merfolk siren (D)
  4 neqoxecs (D)
  A water moccasin (D)
  4 necrophages (D)
  2 worms (D)
12 creatures vanquished.

Vanquished Creatures (others)
  Menkaure (D)
  A water moccasin (D)
2 creatures vanquished.

Grand Total: 14 creatures vanquished

Notes
Turn   | Place    | Note
-------+----------+-------------------------------------------
     0 | D        | BigDaddyOpFi the Minotaur Berserker began the quest for the
                  | Orb.
     0 | D        | Reached XP level 1. HP: 19/19 MP: 0/0
     1 | D        | Noticed a necrophage
     1 | D        | Noticed a necrophage
     1 | D        | Noticed a necrophage
     1 | D        | Noticed a necrophage
    10 | D        | Killed a necrophage
    11 | D        | Reached skill level 5 in Fighting
    11 | D        | Reached skill level 5 in Axes
    11 | D        | Reached XP level 2. HP: 8/30 MP: 1/1
    11 | D        | Reached XP level 3. HP: 10/37 MP: 2/2
    12 | D        | HP: 2/52 [necrophage (2)]
    15 | D        | Killed a necrophage
    16 | D        | Reached skill level 5 in Dodging
    16 | D        | Reached XP level 4. HP: 4/45 MP: 3/3
    16 | D        | Killed a necrophage
    16 | D        | Reached ** piety under Trog
    17 | D        | Reached XP level 5. HP: 5/52 MP: 4/4
   133 | D        | Killed Menkaure
   300 | D        | Killed a water moccasin
   497 | D        | Noticed a merfolk siren
   506 | D        | Killed a merfolk siren
   507 | D        | Reached XP level 6. HP: 53/66 MP: 5/5
   507 | D        | Reached XP level 7. HP: 57/71 MP: 6/6
   639 | D        | Noticed a neqoxec
   639 | D        | Noticed a neqoxec
   639 | D        | Noticed a neqoxec
   639 | D        | Noticed a neqoxec
   642 | D        | Gained mutation: Your body sometimes deteriorates upon
                  | taking damage. [a neqoxec]
   644 | D        | Killed a neqoxec
   644 | D        | Reached *** piety under Trog
   645 | D        | Reached skill level 10 in Fighting
   645 | D        | Reached skill level 10 in Axes
   645 | D        | Reached skill level 10 in Armour
   648 | D        | Killed a neqoxec
   653 | D        | Killed a neqoxec
   655 | D        | Gained mutation: Your spells are a little easier to cast,
                  | but a little less powerful. [a neqoxec]
   656 | D        | Killed a neqoxec
   657 | D        | Reached skill level 10 in Dodging
   657 | D        | Reached XP level 8. HP: 82/82 MP: 7/7
   757 | D        | Reached **** piety under Trog
   842 | D        | Noticed Kirke
   842 | D        | Noticed a kobold demonologist
   842 | D        | Noticed a skeletal warrior
   843 | D        | Noticed a yaktaur captain
   843 | D        | Noticed a centaur warrior
   844 | D        | Found Dahek's Distillery.
   844 | D        | Found Qikusm's Jewellery Emporium.
   845 | D        | Found Nyil's General Store.
   845 | D        | Found Waich's Antique Armour Shoppe.
   845 | D        | Noticed an elephant
   854 | D        | Mangled by a yaktaur captain

Illustrated notes

Levels and vault maps discovered:
D:        the_violet_keep_of_menkaure [sprint2_stairs_cluster_1,
          sprint2_shoproom, sprint2_temple, sprint2_basic_supplies,
          sprint2_obstacle_6, sprint2_obstacle_3, sprint2_obstacle_7,
          sprint2_obstacle_5, sprint2_obstacle_1, sprint2_timed_cluster_1,
          sprint2_smallroom_cluster_1, sprint2_smallroom_final_cluster_1,
          sprint2_transparent_cluster_1, sprint2_second_timed_cluster_1,
          sprint2_sniper_area_1, sprint2_heavy_combat_area_1,
          sprint2_mutation_trap_area_1, sprint2_forest_area_1,
          sprint2_light_combat_area_1, sprint2_behind_water_1,
          sprint2_near_end_vault_1]

Skill      XL: |  1  2  3  4  5  6  7 |
---------------+----------------------+-----
Fighting       | 5 6 7 9 11 | 11.4
Axes           | 5 6 7 9 11 | 11.5
Armour         | 4 6 9 11 | 11.1
Dodging        | 4 5 6 8 10 | 10.2

Action                   |  1- 3 |  4- 6 |  7- 9 || total
-------------------------+-------+-------+-------++-------
Melee: Hand axe          |    13 |    16 |    29 ||    58
       Headbutt          |     4 |     4 |     4 ||    12
       Punch             |       |     1 |       ||     1
Invok: Berserk           |     1 |     1 |     3 ||     5
  Use: Potion            |       |     2 |       ||     2
Armor: Animal skin       |       |     2 |       ||     2
Dodge: Dodged            |     1 |    10 |    13 ||    24

Table legend: (Time is in decaauts)
 A = Elapsed time spent in this place.
 B = Non-inter-level travel time spent in this place.
 C = Inter-level travel time spent in this place.
 D = Time resting spent in this place.
 E = Time spent auto-exploring this place.
 F = Levels seen in this place.
 G = Mean time per level.
                   A        B        C        D        E       F      G
               +--------+--------+--------+--------+--------+-----+--------+
         Total |    860 |    860 |      0 |    755 |      0 |   1 |  860.0 |
       Dungeon |    860 |    860 |      0 |    755 |      0 |   1 |  860.0 |
               +--------+--------+--------+--------+--------+-----+--------+

Top non-repeatable levels by time:
       D: 860 daAuts
